 Dungeon Crawl Stone Soup version 0.27.0-1-g7a089689b8 (webtiles) character file.

Game seed: 6607828318535935385

57729 freelancePsychic the Fighter (level 15, -7/118 HPs)
             Began as a Djinni Fighter on Aug 5, 2021.
             Was the Champion of Makhleb.
             Killed from afar by a deep elf knight (22 damage)
             ... with a shard of ice
             ... on level 13 of the Dungeon.
             The game lasted 00:50:43 (17194 turns).

freelancePsychic the Fighter (Djinni Fighter)      Turns: 17194, Time: 00:50:43

Health: -7/118     AC: 11    Str: 15    XL:     15   Next: 27%
Gold:   1108       EV: 15    Int: 24    God:    Makhleb [******] SH:  5 Dex: 13

rFire    + + .     SeeInvis .   X - +7 double sword (holy)
rCold    x . .     Faith    .   U - +0 buckler
rNeg     + . .     Spirit   .   Q - +3 troll leather armour
rPois    ∞         Reflect  .   h - +2 helmet
rElec    .         Harm     .   l - +0 cloak
rCorr    .         Rampage  .   (no gloves)
Will     ++...                  (boots unavailable)
Stlth    +.........             f - amulet "Egist" {Drain rN+ Regen+ Int+2}
HPRegen  2.29/turn              m - ring of willpower
MPRegen  0.00/turn              J - +6 ring of intelligence

@: flying
A: sickness immunity, fire resistance 2, cold vulnerability 1, float, innate
caster, hp casting, extra vitality 1
a: Renounce Religion, Minor Destruction, Lesser Servant of Makhleb, Major
Destruction, Greater Servant of Makhleb


You were on level 13 of the Dungeon.
You worshipped Makhleb.
Makhleb was exalted by your worship.
You visited 4 branches of the dungeon, and saw 20 of its levels.
You also visited: Sewer, Bailey and Volcano.

You collected 1654 gold pieces.
You spent 546 gold pieces at shops.

Inventory:

Hand Weapons
 X - a +7 double sword of holy wrath (weapon)
Missiles
 k - 356 stones
 n - 2 throwing nets
Armour
 b - a +0 scale mail
 c - a +0 kite shield
 h - a +2 helmet (worn)
 l - a +0 cloak (worn)
 v - a +0 ring mail
 M - the +3 leather armour "Pobun" {Dex+5}
   (You bought it in a shop on level 10 of the Dungeon)

   Dex:       It affects your dexterity (+5).
 Q - a +3 troll leather armour (worn)
 U - a +0 buckler (worn)
Jewellery
 f - the amulet "Egist" (around neck) {Drain rN+ Regen+ Int+2}
   (You acquired it on level 1 of the Dungeon)

   [amulet of regeneration]

   Int:       It affects your intelligence (+2).
   rN:        It protects you from negative energy.
   Regen:     It increases your rate of health regeneration.
   Drain:     It drains your maximum health when unequipped.
 m - a ring of willpower (left hand)
 t - a +6 ring of strength
 u - a +6 ring of intelligence
 w - a ring of resist corrosion
 E - a ring of fire
 F - a +4 ring of evasion
 J - a +6 ring of intelligence (right hand)
 S - a ring of ice
 T - an amulet of the acrobat
 W - an amulet of regeneration
 Y - a +6 ring of dexterity
Wands
 x - a wand of iceblast (23)
 A - a wand of flame (57)
 H - a wand of polymorph (18)
 K - a wand of mindburst (13)
 R - a wand of acid (4)
Scrolls
 a - 3 scrolls of identify {@r1}
 g - 2 scrolls of fear
 i - 3 scrolls of immolation
 j - 8 scrolls of teleportation {@r4}
 s - 3 scrolls of fog
 y - a scroll of vulnerability
 z - 4 scrolls of amnesia
 I - a scroll of blinking
 V - a scroll of brand weapon
Potions
 d - a potion of might
 e - 4 potions of invisibility
 o - 6 potions of curing {@q1}
 p - 4 potions of resistance
 q - 4 potions of mutation
 r - 4 potions of berserk rage
 B - 3 potions of cancellation
 C - a potion of degeneration
 D - 4 potions of lignification
 G - 6 potions of ambrosia
 L - a potion of attraction
 N - a potion of brilliance
 O - 2 potions of heal wounds {@q2}
 P - 2 potions of haste {unknown}


   Skills:
 - Level 14.5 Fighting
 + Level 10.5 Long Blades
 - Level 3.0 Armour
 + Level 8.0 Dodging
 - Level 5.8 Shields
 - Level 11.0 Spellcasting
 - Level 6.8 Invocations


You had 11 spell levels left.
You knew the following spells:

 Your Spells              Type           Power      Damage    Failure   Level
a - Sandblast             Erth           100%       2d20      1%          1
b - Blink                 Tloc           N/A        N/A       1%          2
c - Confusing Touch       Hex            60%        N/A       1%          3
d - Airstrike             Air            30%        N/A       1%          4
e - Petrify               Tmut/Erth      60%        N/A       1%          4
f - Silence               Hex/Air        30%        N/A       1%          5
g - Dispersal             Tloc           30%        N/A       10%         6
Your spell library was empty.

Dungeon Overview and Level Annotations

Branches:
Dungeon (13/15)            Temple (1/1) D:6            Lair (5/6) D:11
  Swamp (0/4) Lair:4       Spider (0/4) Lair:4          Orc (1/2) D:9
 Vaults (0/5) D:13          Sewer (visited)          Bailey (visited)
Volcano (visited)
  Slime: Lair:5-6

Altars:
Ashenzari
Cheibriados
Dithmenos
Elyvilon
Fedhas
Gozag
Hepliaklqana
Kikubaaqudgha
Makhleb
Nemelex Xobeh
Okawaru
Qazlal
Ru
Sif Muna
Trog
Uskayaw
Vehumet
Wu Jian
Xom
Yredelemnul
Zin
The Shining One
Beogh

Shops:
D:2 =   D:5 :   D:10 [[[(   D:11 (   D:13 [

Portals:
Trove: D:11 (give horn of Geryon)

Annotations:
D:3 1 runed translucent door, scisormetimb3rs's ghost, amateur GrFi
D:8 3 runed translucent doors, horus123's ghost, novice DECj
Lair:2 exclusion: oklob plant
Lair:3 1 runed translucent door, Sadonosm's ghost, journeyman DgSk


Innate Abilities, Weirdness & Mutations

You are immune to sickness and miasma.
You are immune to poison.
Your flesh is very heat resistant. (rF++)
You are vulnerable to cold. (rC-)
You float through the air rather than walking.
You learn spells naturally, not from books.
Your magical power is your life essence.
You have superior vitality. (+4 HP)


Message History

You see here a tengu corpse.
Items here: ) [[ †.
You now have 1108 gold pieces (gained 18).
You reach down and open the door.
An orc knight and a deep elf knight come into view.
The orc knight is wielding a +3 vorpal battleaxe.
The deep elf knight shouts!
The orc knight shouts!
The deep elf knight gestures at you while chanting.
The shard of ice hits you!!
You feel a painful chill!
The air twists around and strikes the orc knight!
The orc knight is moderately wounded.
The deep elf knight gestures wildly while chanting.
The deep elf knight flickers and vanishes!
Deactivating autopickup; reactivate with Ctrl-A.
You hear some strange, mumbled words.
Things that are here:
a +1 dagger of speed; a +0 robe; an orc corpse You see here a tengu corpse.
There is an open door here.
Things that are here:
a +2 great mace; a +0 chain mail; a human corpse
Items here: )) [[.
You hear some strange, mumbled words.
A shard of ice appears from out of thin air!
The shard of ice misses you.
You hear some strange, mumbled words.
A shard of ice appears from out of thin air!
The shard of ice hits you!!!
You feel a painful chill!
A boulder beetle comes into view.
Items here: ( )) [.
You hear some strange, mumbled words.
A shard of ice appears from out of thin air!
The shard of ice hits you!!
You feel a painful chill!
You hear some strange, mumbled words.
A shard of ice appears from out of thin air!
The shard of ice hits you!!!
You feel a painful chill!
* * * LOW HITPOINT WARNING * * *
A shard of ice appears from out of thin air!
The shard of ice hits you!!
You feel a painful chill!
You die...

⌠.⌠#)......+.....#####.......#...
.∩.'...#...+.........#.......#...
⌠.⌠#..)....+.........#.......#...
####...#####≈≈≈......#....####...
#...# #≈≈≈B.....#....#......
#...#####≈≈≈≈.....#....#......
#..†#...o≈≈≈≈.....#....####...
#...))..{≈≈≈≈.....#.......#...
#...#...#≈≈≈.@....#.......#...
#########≈≈.......#.......#...
#####.........#.....###...
#?...>#.......#...<.'.....
#.[...#.......#.....#.....
#.....#.......#.....#.....
#.....#########.....#.....
#...................#.....
#.....###'#####.....#...##


You could see a boulder beetle and an orc knight.

Vanquished Creatures
  Snorg (Lair:5)
  4 vault guards (D:13)
  6 hydras
  A catoblepas (D:13)
  A death knight (D:12)
  4 two-headed ogres
  7 death yaks
  Urug (Lair:3)
  2 skeletal warriors (Volcano)
  2 phantasmal warriors (D:12)
  An orc knight (Bailey)
  An anaconda skeleton (Volcano)
  2 ugly things (D:12)
  4 lindwurms (Lair:3)
  2 orc sorcerers
  A cyclops (D:12)
  3 centaur zombies
  2 black mambas (Lair:4)
  7 gargoyles
  13 cane toads
  3 rime drakes
  10 komodo dragons
  An efreet (D:13)
  A tengu conjurer (D:13)
  2 trolls (D:11)
  6 jumping spiders (Lair:4)
  A polar bear (Lair:5)
  A hornet (D:9)
  3 slime creatures (D:12)
  6 dream sheep (Lair:4)
  4 harpy skeletons (Volcano)
  3 blink frogs (Lair:2)
  3 flying skulls (Volcano)
  Sigmund (D:4)
  3 shadows
  2 redbacks (Lair:4)
  4 wraiths (D:12)
  3 fire bats (Lair:5)
  2 wyverns
  38 yaks
  3 basilisks
  Grum (D:8)
  7 vampire mosquitoes (D:12)
  A swamp worm (Lair:4)
  2 wargs (D:9)
  An acid dragon (D:10)
  11 water moccasins
  An ice beast (D:5)
  2 sky beasts
  17 orc warriors
  2 black bears
  3 ogres
  19 wolves
  8 centaurs
  A phantom (D:5)
  16 bullfrogs
  3 kobold brigands
  A water moccasin zombie (D:5)
  A wyvern zombie (D:6)
  5 scorpions
  4 howler monkeys
  A spriggan skeleton (Volcano)
  2 electric eels (D:6)
  5 hounds
  A bullfrog skeleton (D:5)
  2 jellies
  9 orc priests
  3 iguanas (D:6)
  16 orc wizards
  3 naga skeletons (Volcano)
  A hound skeleton (D:4)
  A howler monkey skeleton (D:6)
  6 adders
  A shadow imp (D:7)
  A worm (D:2)
  5 dart slugs
  67 orcs
  5 endoplasms
  12 giant cockroaches
  8 goblins
  7 hobgoblins
  8 jackals
  6 quokkas
  7 ball pythons
  3 bats
  13 frilled lizards
  19 kobolds
  7 rats
490 creatures vanquished.

Vanquished Creatures (collateral kills)
  An anaconda skeleton (Volcano)
  A troll (D:10)
  A yak (D:11)
  2 centaurs (D:9)
  A centaur zombie (D:9)
6 creatures vanquished.

Vanquished Creatures (others)
  A spriggan skeleton (Volcano)
  3 orcs
  4 fungi
  4 plants
12 creatures vanquished.

Grand Total: 508 creatures vanquished

Notes
Turn   | Place    | Note
-------+----------+-------------------------------------------
     0 | D:1      | freelancePsychic the Djinni Fighter began the quest for the
                  | Orb.
     0 | D:1      | Reached XP level 1. HP: 20/20 MP: 0/0
   473 | D:1      | Reached XP level 2. HP: 20/25 MP: 0/0
   641 | D:1      | Reached skill level 1 in Spellcasting
  1171 | D:1      | Reached XP level 3. HP: 30/30 MP: 0/0
  1171 | D:1      | Learned a level 1 spell: Sandblast
  1477 | D:1      | Identified a scroll of acquirement
  1477 | D:1      | Acquired the amulet "Egist" {Drain rN+ Regen+ Int+2}
  1832 | D:2      | Reached XP level 4. HP: 35/35 MP: 0/0
  1892 | D:2      | Found Xestuq's Jewellery Shoppe.
  2407 | D:3      | Found a glowing drain.
  2431 | Sewer    | Entered a sewer
  2490 | Sewer    | Reached XP level 5. HP: 39/40 MP: 0/0
  2490 | Sewer    | Learned a level 2 spell: Blink
  2537 | Sewer    | Noticed a bullfrog
  2543 | Sewer    | Killed a bullfrog
  2691 | D:3      | Found a runed translucent door.
  2692 | D:3      | Noticed scisormetimb3rs's ghost (amateur GrFi)
  2826 | D:3      | Reached XP level 6. HP: 46/46 MP: 0/0
  3086 | D:4      | Found a blossoming altar of Fedhas.
  3221 | D:4      | Found a sparkling altar of Nemelex Xobeh.
  3320 | D:4      | Noticed a black bear
  3521 | D:4      | Noticed Sigmund
  3528 | D:4      | Killed Sigmund
  3529 | D:4      | Reached skill level 5 in Spellcasting
  3529 | D:4      | Reached XP level 7. HP: 37/50 MP: 0/0
  3529 | D:4      | Learned a level 3 spell: Confusing Touch
  3675 | D:5      | Entered Level 5 of the Dungeon
  3702 | D:5      | Reached XP level 8. HP: 52/56 MP: 0/0
  3996 | D:5      | Found Unnifata's Self-Improvement Boutique.
  4005 | D:5      | Reached skill level 4 in Fighting
  4283 | D:6      | Reached skill level 5 in Fighting
  4312 | D:6      | Found a staircase to the Ecumenical Temple.
  4317 | Temple   | Entered the Ecumenical Temple
  4354 | Temple   | Became a worshipper of Makhleb the Destroyer
  4434 | D:6      | Reached skill level 1 in Invocations
  4534 | D:6      | Reached XP level 9. HP: 57/65 MP: 0/0
  4534 | D:6      | Learned a level 4 spell: Airstrike
  4641 | D:6      | Noticed a two-headed ogre
  4677 | D:6      | Killed a two-headed ogre
  4678 | D:6      | Reached skill level 6 in Fighting
  5269 | D:5      | Found an iron altar of Okawaru.
  5273 | D:5      | Found a shadowy altar of Dithmenos.
  5348 | D:7      | Reached * piety under Makhleb
  5386 | D:7      | Reached XP level 10. HP: 66/73 MP: 0/0
  5464 | D:7      | Found a flagged portal.
  5475 | Bailey   | Entered a bailey
  5771 | Bailey   | Reached skill level 7 in Fighting
  5829 | Bailey   | Noticed an orc knight
  5892 | Bailey   | Killed an orc knight
  5893 | Bailey   | Reached skill level 5 in Invocations
  6428 | D:7      | Found an opulent altar of Gozag.
  6430 | D:7      | Found a broken altar of Ashenzari.
  6536 | D:8      | Reached ** piety under Makhleb
  6586 | D:8      | Noticed Grum
  6920 | D:9      | Reached skill level 8 in Fighting
  7043 | D:9      | Reached XP level 11. HP: 73/81 MP: 0/0
  7043 | D:9      | Learned a level 4 spell: Petrify
  7378 | D:9      | Reached *** piety under Makhleb
  7641 | D:9      | Reached skill level 10 in Spellcasting
  7828 | D:9      | Found a staircase to the Orcish Mines.
  7872 | D:10     | Entered Level 10 of the Dungeon
  7956 | D:8      | Killed Grum
  8355 | D:8      | Found a shimmering altar of Xom.
  8398 | D:8      | Found a runed translucent gate.
  8398 | D:8      | Noticed horus123's ghost (novice DECj)
  8399 | D:8      | Found a runed translucent gate.
  8399 | D:8      | Found an opulent altar of Gozag.
  8400 | D:8      | Found a runed translucent gate.
  8508 | D:10     | Found Xuifo's Armour Shoppe.
  8512 | D:10     | Bought the +3 leather armour "Pobun" {Dex+5} for 483 gold
                  | pieces
  8626 | D:10     | Found Omior's Antique Armour Emporium.
  8691 | D:10     | Found Jiwyabb's Weapon Emporium.
  8730 | D:10     | Reached skill level 1 in Dodging
  8758 | D:10     | Noticed a two-headed ogre
  8760 | D:10     | Reached skill level 9 in Fighting
  8767 | D:10     | Killed a two-headed ogre
  8791 | D:10     | Found a hazy altar of Hepliaklqana.
  8804 | D:10     | Found Lyelife's Antique Armour Boutique.
  9033 | D:11     | Noticed a two-headed ogre
  9037 | D:11     | Killed a two-headed ogre
  9061 | D:11     | Found a portal to a secret trove of treasure.
  9181 | D:11     | Found a staircase to the Lair.
  9435 | D:11     | Found a runed translucent door.
  9511 | D:11     | Reached XP level 12. HP: 87/91 MP: 0/0
  9528 | D:11     | Noticed a two-headed ogre
  9533 | D:11     | Killed a two-headed ogre
  9597 | D:11     | Reached skill level 10 in Fighting
  9597 | D:11     | Reached skill level 5 in Dodging
  9744 | D:11     | Found Jimudeg's Antique Weapon Emporium.
 10145 | D:11     | Reached **** piety under Makhleb
 10259 | Lair:1   | Entered Level 1 of the Lair of Beasts
 10750 | Lair:1   | Reached skill level 11 in Fighting
 11083 | D:10     | Bought a +0 buckler for 63 gold pieces
 11574 | Lair:2   | Reached skill level 5 in Shields
 11661 | Lair:2   | Found a blossoming altar of Fedhas.
 11714 | Lair:2   | Reached XP level 13. HP: 94/99 MP: 0/0
 11714 | Lair:2   | Learned a level 5 spell: Silence
 12160 | Lair:3   | Noticed Urug
 12161 | Lair:3   | Noticed an eight-headed hydra
 12253 | Lair:3   | Found a runed translucent door.
 12254 | Lair:3   | Noticed Sadonosm's ghost (journeyman DgSk)
 12686 | Lair:3   | Killed an eight-headed hydra
 12687 | Lair:3   | Reached skill level 12 in Fighting
 12737 | Lair:3   | Noticed a six-headed hydra
 12743 | Lair:3   | Killed a six-headed hydra
 12793 | Lair:3   | Killed Urug
 12794 | Lair:3   | Reached skill level 5 in Long Blades
 12907 | Lair:3   | Identified the +4 rapier of Fragile Peace {vorpal, rPois
                  | Dex+2}
 12909 | Lair:3   | Identified the +6 lajatang "Waorrop" {vorpal, +Rage rPois
                  | Str+3 Dex+4}
 13212 | Lair:4   | Reached ***** piety under Makhleb
 13225 | Lair:4   | Found a hole to the Spider Nest.
 13320 | Lair:4   | Reached skill level 13 in Fighting
 13369 | Lair:4   | Noticed a four-headed hydra
 13390 | Lair:4   | Killed a four-headed hydra
 13568 | Lair:4   | Reached XP level 14. HP: 61/110 MP: 0/0
 13890 | Lair:4   | Found a staircase to the Swamp.
 14251 | Lair:5   | Found a dark tunnel.
 14265 | Volcano  | Entered a volcano
 14371 | Volcano  | Reached skill level 14 in Fighting
 14899 | Lair:5   | Noticed Snorg
 14909 | Lair:5   | Killed Snorg
 15377 | Orc:1    | Entered Level 1 of the Orcish Mines
 15392 | Orc:1    | Noticed an orc warlord
 16244 | D:12     | Reached XP level 15. HP: 97/118 MP: 0/0
 16244 | D:12     | Learned a level 6 spell: Dispersal
 16317 | D:12     | Reached ****** piety under Makhleb
 16378 | D:12     | Reached skill level 10 in Long Blades
 16819 | D:13     | Found Xama's Armour Shop.
 17097 | D:13     | Found a gate to the Vaults.
 17194 | D:13     | Killed from afar by a deep elf knight

Illustrated notes

Levels and vault maps discovered:
D:1:      dpeg_arrival_renting, layout_basic, nrook_campfire
D:2:      layout_loops_ring, basic_altar, serial_shops, nicolae_shop_trees,
          kennysheep_generic_room_13
D:3:      layout_rooms, ebering_ghost_inner_flame, gup_sewer_entry_glass,
          minmay_quantized
D:4:      layout_loops_cross, mainiacjoe_overflow_cross_hatched,
          mainiacjoe_overflow_catwalk, uniq_sigmund
D:5:      layout_basic, minitemple, nicolae_shop_self_help
D:6:      layout_basic, minmay_temple_entry_nine_rooms, water_maze_lemuel
D:7:      layout_basic, nicolae_overflow_hidden_temple, enter_bailey_2,
          serial_park_tiny_2, kb_lookout_dungeons_type
D:8:      layout_cave_pools, kennysheep_mini, ebering_ghost_gozag, uniq_grum
D:9:      layout_basic, hiddenorc1_lemuel
D:10:     layout_roguey, mainiacjoe_overflow_chevrons, serial_shops, shop, shop,
          nicolae_take_the_stairs, kennysheep_mini_moat
D:11:     layout_cave_pods, lair_entry_dummy, enter_trove_2, serial_shops,
          nicolae_shop_statue_plus, lightli_church_of_beogh
D:12:     layout_basic
D:13:     layout_irregular_city, grunt_vaults_entry_fortified, serial_shops,
          nicolae_square_shop, minmay_microvault
Temple:   cyrus_circular_temple
Lair:1:   layout_cellular_growth, grunt_megastairs_4
Lair:2:   layout_cave_shapes, hangedman_tree_tricks,
          chequers_serial_rivers_room_a, beast_lair_carwin_5,
          infiniplex_staircase_pool_2, serial_bayou_shore_b
Lair:3:   layout_long_grid, ebering_ghost_reflecting_pool, minmay_lindwurm_lava,
          uniq_urug
Lair:4:   layout_roguey, palyth_hydra_swamp_entry,
          nicolae_spider_entry_tight_spaces, grunt_megastairs_2
Lair:5:   layout_hall_layers, nicolae_volcano_entry_batcave,
          portal_ice_cave_entry_animals_and_master, uniq_snorg
Orc:1:    layout_caves, serial_shops, nicolae_shop_behind_doors,
          minmay_orc_temple_c

Skill      XL: |  1  2  3  4  5  6  7  8  9 10 11 12 13 14 15 |
---------------+----------------------------------------------+-----
Long Blades    | 2 6 9 10 | 10.5
Spellcasting   | 1 2 3 5 6 8 9 10 11 | 11.0
Fighting       | 5 6 8 9 11 13 14 | 14.5
Invocations    | 1 4 6 |  6.8
Dodging        | 4 5 6 8 |  8.0
Shields        | 5 |  5.8
Armour         | |  3.0

Action                   |  1- 3 |  4- 6 |  7- 9 | 10-12 | 13-15 || total
-------------------------+-------+-------+-------+-------+-------++-------
Melee: Long sword        |    73 |   112 |    64 |    23 |     8 ||   280
       Double sword      |       |       |       |       |   275 ||   275
 Cast: Sandblast         |       |    31 |    60 |    29 |       ||   120
       Airstrike         |       |       |    19 |   387 |   378 ||   784
       Petrify           |       |       |       |     8 |     6 ||    14
       Confusing Touch   |       |       |       |       |     1 ||     1
Invok: Lesser Servant of |       |       |       |     5 |     5 ||    10
       Minor Destruction |       |       |       |       |     4 ||     4
Evoke: Wand              |       |       |     5 |       |       ||     5
  Use: Scroll            |     7 |       |    12 |    11 |    17 ||    47
       Potion            |       |       |       |     1 |     3 ||     4
 Stab: Petrified         |       |       |       |     1 |     7 ||     8
       Sleeping          |       |       |       |       |     1 ||     1
Armor: Scale mail        |    30 |    85 |       |       |       ||   115
       Ring mail         |       |     2 |    40 |    22 |       ||    64
       Leather armour    |       |       |       |    13 |       ||    13
       Troll leather arm |       |       |       |    18 |   128 ||   146
Dodge: Dodged            |    40 |    78 |    55 |    94 |   271 ||   538
Block: Buckler           |       |       |       |     2 |   112 ||   114
       Rpst.: Long sword |    11 |    27 |    15 |    20 |     4 ||    77
       Double sword      |       |       |       |       |    61 ||    61
